 Dungeon Sprint DCSS version 0.19.0-18-g426998a (webtiles) character file.

3161 poirepourri the Earth Mage (level 9, -7/45 HPs)
             Began as a Gargoyle Earth Elementalist on Nov 11, 2016.
             Was a Believer of Vehumet.
             Splashed by an oklob plant's acid (15 damage)
             ... in the Dungeon (Sprint I: "Red Sonja").
             The game lasted 00:03:01 (1826 turns).

poirepourri the Earth Mage (GrEE)                   Turns: 1826, Time: 00:03:02

Health: -7/45      AC:  3    Str: 12    XL:     9   Next: 94%
Magic:  18/25      EV: 15    Int: 18    God:    Vehumet [**....]
Gold:   569        SH:  0    Dex: 11    Spells: 6 memorised, 17 levels left

rFire  . . .     SeeInvis .     a - 3 stones
rCold  . . .     Gourm    .     c - +0 robe
rNeg   + . .     Faith    .     (no shield)
rPois  ∞         Spirit   .     (no helmet)
rElec  +         Reflect  .     (no cloak)
rCorr  .         Harm     .     (no gloves)
MR     .....     NoTele   +     (no boots)
Stlth  ++........               (no amulet)
                                (no ring)
                                (no ring)

@: corroded
A: negative energy resistance 1, electricity resistance, unbreathing,
petrification resistance, rot immunity, AC +5
a: Renounce Religion


You were in the Dungeon.
You worshipped Vehumet.
Vehumet was pleased with you.
You were not hungry.

You visited 1 branch You collected 729 gold pieces.
You spent 160 gold pieces at shops.

Inventory:

Hand Weapons
 b - a +0 short sword of venom
 l - a +0 hand crossbow of flaming
 m - the +2 dagger of Atourch {drain, rElec rF- rN+ Dex+8}
   (You found it in the Dungeon)

   A truly terrible weapon, it drains the life of those it strikes.
   It affects your dexterity (+8).
   It makes you vulnerable to fire.
   It insulates you from electricity.
   It protects you from negative energy.
Missiles
 a - 3 stones (in hand)
Armour
 c - a +0 robe (worn)
 d - a +0 troll leather armour
 j - a +1 scale mail of fire resistance
Scrolls
 n - a scroll of recharging {unknown}
Potions
 g - a potion of haste
 i - a potion of berserk rage
Books
 k - a book of Geomancy

   Spells                             Type                      Level
   a - Sandblast                      Earth                        1
   b - Passwall                       Transmutation/Earth          2
   c - Stone Arrow                    Conjuration/Earth            3
   d - Petrify                        Transmutation/Earth          4
   e - Lee's Rapid Deconstruction     Earth                        5
Comestibles
 e - 2 fruits
 h - a bread ration


   Skills:
 - Level 0.2 Fighting
 - Level 1.2 Throwing
 + Level 6.3 Dodging
 - Level 2.4 Stealth
 + Level 12.5 Spellcasting
 + Level 8.2 Conjurations
 + Level 1.2 Transmutations
 + Level 16.2 Earth Magic


You had 17 spell levels left.
You knew the following spells:

 Your Spells              Type           Power        Failure   Level  Hunger
a - Sandblast             Erth           ######       0%          1    None
b - Passwall              Tmut/Erth      #####.....   1%          2    None
c - Stone Arrow           Conj/Erth      ######       1%          3    None
d - Petrify               Tmut/Erth      #####...     1%          4    ##.....
e - Lee's Rapid Deconstr  Erth           ######....   1%          5    ####...
f - Magic Dart            Conj           ####         1%          1    None


Dungeon Overview and Level Annotations

Branches:
Dungeon (1/1)

Altars:
Cheibriados
Dithmenos
Elyvilon
Fedhas
Gozag
Hepliaklqana
Kikubaaqudgha
Makhleb
Nemelex Xobeh
Okawaru
Qazlal
Ru
Sif Muna
Trog
Uskayaw
Vehumet
Xom
Yredelemnul
Zin
The Shining One
Jiyva
Lugonu

Shops:
D [[

Annotations:
D exclusion: oklob plant


Innate Abilities, Weirdness & Mutations

You are resistant to torment.
Your stone body is resilient. (AC +5)
You are immune to poison.
You resist negative energy. (rN+)
You are resistant to electric shocks. (rElec)
You can survive without breathing.
You are immune to petrification.
You are immune to rotting.


Message History

The oklob plant is heavily damaged.
Casting: Stone Arrow
Confirm with . or Enter, or press ? or * to list all spells.
Aiming: Sandblast
Press: ? - help, Shift-Dir - straight line, f/p - oklob plant
Aim: an oklob plant (heavily damaged)
The rocky blast hits the oklob plant.
The oklob plant is severely damaged.
Casting: Sandblast
Confirm with . or Enter, or press ? or * to list all spells.
Aiming: Sandblast
Press: ? - help, Shift-Dir - straight line, f/p - oklob plant
Aim: an oklob plant (severely damaged)
The rocky blast hits the oklob plant.
The oklob plant is severely damaged.
The oklob plant spits acid at you. The splash of acid hits you!
* * * LOW HITPOINT WARNING * * *
The acid corrodes you!
You are splashed with acid!
The acid burns!
You die...

###############
..#..'..#__#..+
..').#..'^.'..#
#'#####'#__####
..#...#.####((####
###..##.#§≈§§§#§§#
__##'#..+§≈§§§§§§#
...'.(._#§§≈..#§@#
__##_(#'##§#####§#
__###'#.#()§.###P+
#####.####'###.###
+...'.....'.∩#
#.).##########
##.## #+#


You could see an oklob plant.

Vanquished Creatures
  2 centaur warriors (D)
  Sonja (D)
  A deep troll (D)
  A slime creature (D)
  A hornet (D)
  Sigmund (D)
  A yak (D)
  An ogre (D)
  A jelly (D)
  Ijyb (D)
11 creatures vanquished.

Vanquished Creatures (others)
  A gargoyle (D)
1 creature vanquished.

Grand Total: 12 creatures vanquished

Notes
Turn   | Place    | Note
-------+----------+-------------------------------------------
     0 | D        | poirepourri the Gargoyle Earth Elementalist began the quest for the Orb.
     0 | D        | Reached XP level 1. HP: 10/10 MP: 3/3
     3 | D        | Noticed Ijyb
    32 | D        | Killed Ijyb
    32 | D        | Reached skill level 1 in Throwing
    32 | D        | Reached skill level 5 in Earth Magic
    32 | D        | Reached XP level 2. HP: 15/15 MP: 0/6
    32 | D        | Reached XP level 3. HP: 19/19 MP: 0/7
    45 | D        | Learned a level 2 spell: Passwall
    49 | D        | Learned a level 3 spell: Stone Arrow
   243 | D        | Noticed an ogre
   248 | D        | Killed an ogre
   248 | D        | Reached skill level 1 in Transmutations
   248 | D        | Reached skill level 8 in Earth Magic
   248 | D        | Reached XP level 4. HP: 11/24 MP: 2/10
   434 | D        | Noticed Sigmund
   438 | D        | Killed Sigmund
   438 | D        | Reached skill level 1 in Conjurations
   438 | D        | Reached skill level 10 in Earth Magic
   438 | D        | Reached XP level 5. HP: 28/28 MP: 2/14
   438 | D        | Reached XP level 6. HP: 32/32 MP: 2/15
   610 | D        | Learned a level 4 spell: Petrify
   616 | D        | Learned a level 5 spell: Lee's Rapid Deconstruction
   616 | D        | Found a deep blue altar of Sif Muna.
   618 | D        | Found a radiant altar of Vehumet.
   647 | D        | Killed a gargoyle
   658 | D        | Became a worshipper of Vehumet
   660 | D        | Found Zuif Deutor's Antique Armour Emporium.
   660 | D        | Found an ancient bone altar of Kikubaaqudgha.
   660 | D        | Found a hazy altar of Hepliaklqana.
   660 | D        | Found a stormy altar of Qazlal.
   660 | D        | Found a hide-covered altar of Uskayaw.
   660 | D        | Found a blossoming altar of Fedhas.
   660 | D        | Found a bloodstained altar of Trog.
   660 | D        | Found an iron altar of Okawaru.
   660 | D        | Found a basalt altar of Yredelemnul.
   660 | D        | Found a glowing golden altar of the Shining One.
   660 | D        | Found a snail-covered altar of Cheibriados.
   660 | D        | Found a sacrificial altar of Ru.
   660 | D        | Found a glowing silver altar of Zin.
   660 | D        | Found a shadowy altar of Dithmenos.
   660 | D        | Found a white marble altar of Elyvilon.
   660 | D        | Noticed a yak
   664 | D        | Killed a yak
   664 | D        | Reached skill level 11 in Earth Magic
   665 | D        | Found an opulent altar of Gozag.
   666 | D        | Found a sparkling altar of Nemelex Xobeh.
   837 | D        | Found a burning altar of Makhleb.
   837 | D        | Found a viscous altar of Jiyva.
   837 | D        | Found a shimmering altar of Xom.
   837 | D        | Found a corrupted altar of Lugonu.
   837 | D        | Noticed a slime creature
   842 | D        | Killed a slime creature
   842 | D        | Reached skill level 5 in Dodging
   842 | D        | Reached skill level 12 in Earth Magic
   842 | D        | Reached XP level 7. HP: 24/36 MP: 1/19
  1130 | D        | Noticed Sonja
  1132 | D        | Killed Sonja
  1132 | D        | Reached * piety under Vehumet
  1132 | D        | Offered knowledge of Freeze by Vehumet.
  1132 | D        | Reached skill level 10 in Spellcasting
  1132 | D        | Reached skill level 13 in Earth Magic
  1132 | D        | Reached XP level 8. HP: 41/41 MP: 14/22
  1155 | D        | Noticed a deep troll
  1163 | D        | Killed a deep troll
  1163 | D        | Reached skill level 5 in Conjurations
  1163 | D        | Reached skill level 14 in Earth Magic
  1163 | D        | Reached XP level 9. HP: 17/45 MP: 4/24
  1179 | D        | Found Pucoicwu's Armour Emporium.
  1344 | D        | Bought a +1 scale mail of fire resistance for 160 gold pieces
  1356 | D        | Got a steaming dagger
  1361 | D        | Identified the +2 dagger of Atourch {drain, rElec rF- rN+ Dex+8} (You found it in the Dungeon)
  1366 | D        | Noticed a centaur warrior
  1367 | D        | Noticed a centaur warrior
  1378 | D        | Killed a centaur warrior
  1378 | D        | Reached skill level 15 in Earth Magic
  1379 | D        | HP: 1/45 [centaur warrior (4)]
  1380 | D        | Killed a centaur warrior
  1380 | D        | Reached ** piety under Vehumet
  1380 | D        | Offered knowledge of Magic Dart by Vehumet.
  1380 | D        | Reached skill level 16 in Earth Magic
  1657 | D        | Learned a level 1 spell: Magic Dart
  1755 | D        | Noticed a hornet
  1758 | D        | Killed a hornet
  1822 | D        | Noticed an oklob plant
  1826 | D        | Splashed by an oklob plant's acid

Skill      XL: |  1  2  3  4  5  6  7  8  9 |
---------------+----------------------------+-----
Throwing       | 1 |  1.2
Dodging        | 2 3 4 5 6 |  6.3
Spellcasting   | 3 4 6 8 10 11 12 | 12.5
Earth Magic    | 5 8 10 12 13 14 16 | 16.2
Transmutations | 1 |  1.2
Conjurations   | 1 3 4 5 8 |  8.2
Fighting       | |  0.2
Stealth        | |  2.4

Action                   |  1- 3 |  4- 6 |  7- 9 || total
-------------------------+-------+-------+-------++-------
Melee: Dagger            |       |       |     1 ||     1
Throw: Stone             |    11 |       |       ||    11
 Cast: Sandblast         |    13 |     5 |     7 ||    25
       Stone Arrow       |       |    10 |    18 ||    28
  Use: Potion            |     3 |       |     1 ||     4
       Scroll            |       |     2 |     1 ||     3
  Eat: Bread ration      |       |       |     1 ||     1
       Fruit             |       |       |     1 ||     1
Armor: Robe              |     7 |       |     2 ||     9
Dodge: Dodged            |    15 |     4 |    19 ||    38
